[Event "*** SCC Grand Prix: Titled Tuesday Blitz"]
[Site "Chess.com"]
[Date "2020.06.02"]
[Round "9"]
[White "aleksa74"]
[Black "Angel_Hranitel_37"]
[Result "1-0"]
[WhiteElo "2682"]
[BlackElo "2410"]
[TimeControl "180+1"]
[EndTime "11:48:18 PDT"]
[Termination "aleksa74 won by resignation"]

1. e4 c5 2. Nf3 e6 3. d4 cxd4 4. Nxd4 Nf6 5. Nc3 Nc6 6. Ndb5 Bc5 7. Bf4 O-O 8. Bc7 Qe7 9. Bd6 Bxd6 10. Qxd6 Qd8 11.
Qc7 Qe7 12. O-O-O Ne8 13. Qg3 a6 14. Nd6 Nxd6 15. Rxd6 f5 16. Be2 e5 17. Rd5 f4 18.
Qd3 Nb4 19. Qc4 Nxd5 20. Nxd5 Qf7 21. Nb6 d5 22. Qc5 Rb8 23. exd5 Bf5 24. Bc4 Kh8 25. d6 Qe8 26. Re1 e4 27. Qc7 Qd8 28. Bd5 e3 29. fxe3 fxe3 30. Rxe3 Bg6 31. Qxd8 Rbxd8 32. d7 Rf1+ 33. Kd2 Rf2+ 34. Ke1 Rf6 35. Be6 Bf7 36. Bxf7 Rxf7 37. Re8+ Rf8 38. Re7 Kg8 39. c4 Rf6 40. c5 Kf8 41. Re5 Rc6 42. b4 Rxb6 43. cxb6 Rxd7 44. Rc5 Rd6 45. Rc8+ Kf7 46. Rc7+ Kf6 47. Rxb7 Rd4 48. a3 Rd3 49. Ra7 Rxa3 50. b7 Ra1+ 51.
Kd2 Ra2+ 52. Kc3 Rxg2 53. b8=Q Kg6 54. Qd6+ Kh5 55. Rxa6 Rg5 56. Ra5 g6 57. Rxg5+ Kxg5 58. b5 h5 59. b6 Kh4 60. b7 g5 61. b8=Q g4 62. Qg3+ Kg5 63. Qbe5+ Kh6 64. Qgf4+ Kg6 65.
Qff6+ Kh7 66. Qee7+ 1-0

[Event "*** SCC Grand Prix: Titled Tuesday Blitz"]
[Site "Chess.com"]
[Date "2020.06.02"]
[Round "9"]
[White "Piotrek1979"]
[Black "nonsopolo1"]
[Result "1-0"]
[WhiteElo "2414"]
[BlackElo "2241"]
[TimeControl "180+1"]
[EndTime "11:48:19 PDT"]
[Termination "Piotrek1979 won on time"]

1. Nf3 Nf6 2. g3 g6 3. Bg2 Bg7 4. O-O O-O 5. c4 d6 6. d3 c5 7. Nc3 Nc6 8. Rb1 a6 9. a3 Rb8 10. b4 cxb4 11. axb4 b5 12. cxb5 axb5 13. e4 Bg4 14.
Be3 Nd7 15. d4 e5 16. d5 Ne7 17. Qd3 f5 18. Ng5 f4 19. Bd2 Qb6 20. h3 h6 21.
Ne6 Bxe6 22. dxe6 Nf6 23. gxf4 Nh5 24. fxe5 dxe5 25. Nd5 Qxe6 26. Bf3 Nf4 27. Bg4 Qxg4+ 28. hxg4 Nxd3 29. Nxe7+ Kf7 30. Nd5 g5 31. Rfd1 Nf4 32.
Be3 Rfc8 33. Nxf4 exf4 34. Rd7+ Kg8 35. Bc5 Re8 36. f3 Red8 37. Rbd1 Rxd7 38. Rxd7 Bf6 39. Kf1 Bg7 40. Ke2 Bf6 41. Kd3 Rd8 42. Rxd8+ Bxd8 43. Kd4 Kf7 44. Kd5 Be7 45. Bxe7 Kxe7 46. Ke5 Kf7 47.
Kf5 Ke7 48. e5 Kf7 49. e6+ Kg7 50. Ke5 Kf8 51. Kf6 h5 52. gxh5 g4 53. h6 g3 54.
h7 1-0

[Event "*** SCC Grand Prix: Titled Tuesday Blitz"]
[Site "Chess.com"]
[Date "2020.06.02"]
[Round "9"]
[White "Cocaino74"]
[Black "angryhorse9"]
[Result "1-0"]
[WhiteElo "2329"]
[BlackElo "2421"]
[TimeControl "180+1"]
[EndTime "11:48:22 PDT"]
[Termination "Cocaino74 won by checkmate"]

1. e4 c5 2. Nf3 Nc6 3. Bb5 g6 4. Bxc6 bxc6 5. O-O Bg7 6. Re1 e5 7. h3 Ne7 8. d3 O-O 9. Be3 d6 10. Qd2 f5 11. Bh6 Rb8 12. exf5 Nxf5 13. Bg5 Qc7 14.
c3 h6 15. Bh4 g5 16. Bg3 Nxg3 17. fxg3 Qb6 18. Na3 c4+ 19. Kh2 cxd3 20. Nc4 Qc5 21. Qxd3 Ba6 22. b3 Bxc4 23. bxc4 Rbe8 24. Rab1 Rf7 25.
Qg6 Rfe7 26. h4 Re6 27. Qf5 gxh4 28. Nxh4 Rf6 29. Qh5 Ref8 30. Rb7 Qxc4 31. Ng6 R8f7 32. Rb8+ Kh7 33. Nh4 Qxc3 34. Re4 Qd3 35. Rg4 Qe3 36. Nf3 Rf8 37. Rb7 Rg8 38. Ng5+ Kh8 39. Nf7+ Kh7 40. Ng5+ Kh8 41. Ne4 Rff8 42. Nxd6 e4 43. Nf7+ Kh7 44. Ng5+ Kh8 45. Qg6 Rf6 46. Qh7# 1-0

[Event "*** SCC Grand Prix: Titled Tuesday Blitz"]
[Site "Chess.com"]
[Date "2020.06.02"]
[Round "9"]
[White "Kobalia"]
[Black "mbojan"]
[Result "0-1"]
[WhiteElo "2761"]
[BlackElo "2642"]
[TimeControl "180+1"]
[EndTime "11:48:24 PDT"]
[Termination "mbojan won on time"]

1. e4 c5 2. Nf3 Nc6 3. Bb5 g6 4. Bxc6 dxc6 5. O-O Bg7 6. d3 Nf6 7. a4 Bg4 8. Nbd2 Nd7 9. h3 Bxf3 10. Nxf3 e5 11. Be3 Qe7 12. a5 Nf8 13. Qd2 Ne6 14. Qc3 Nd4 15. Bxd4 cxd4 16. Qc4 Qe6 17. Qa4 O-O 18.
b4 a6 19. Nd2 Rfd8 20. Nb3 Bf8 21. Nc5 Bxc5 22. bxc5 Rac8 23. f4 exf4 24. Rxf4 Qe5 25. Raf1 Rc7 26. Qc4 Rdd7 27. h4 Kg7 28. g3 Re7 29.
Kg2 Rcd7 30. Rg4 Qe6 31. Qxe6 Rxe6 32. h5 Re5 33. Rf5 Rxf5 34. exf5 Rd5 35. fxg6 hxg6 36.
hxg6 f5 37. Rh4 Kxg6 38. Kf3 Rxc5 39. Rxd4 Rxc2 40. Rd7 Rb2 41. Kf4 Rb4+ 42. d4 Kf6 43.
Rd6+ Ke7 44. Rh6 Rxd4+ 45. Kxf5 Rd5+ 46. Ke4 Rxa5 47. Rh7+ Kd6 48. Rxb7 Re5+ 49. Kf4 a5 50. g4 Re1 51. g5 Rf1+ 52. Kg4 Kc5 53. g6 a4 54. g7 Rg1+ 55. Kh5 a3 56. Ra7 a2 57. Kh6 a1=Q 0-1

[Event "*** SCC Grand Prix: Titled Tuesday Blitz"]
[Site "Chess.com"]
[Date "2020.06.02"]
[Round "9"]
[White "elohunter1999"]
[Black "MathiasWomacka"]
[Result "1-0"]
[WhiteElo "2506"]
[BlackElo "2382"]
[TimeControl "180+1"]
[EndTime "11:48:24 PDT"]
[Termination "elohunter1999 won on time"]

1. e4 c5 2. Nf3 d6 3. Bb5+ Nd7 4. a4 Nf6 5. Nc3 g6 6. O-O Bg7 7. d4 cxd4 8. Nxd4 O-O 9. Re1 a6 10.
Bf1 Qc7 11. Bg5 b6 12. Nd5 Nxd5 13. exd5 Nf6 14. c4 Re8 15. Qd2 Bd7 16. b3 a5 17.
Re3 Qc5 18. Rd1 h6 19. Bh4 g5 20. Bg3 Nh5 21. Be2 Nxg3 22. hxg3 Bf6 23. g4 Rad8 24.
Rh3 Kg7 25. Qd3 e6 26. dxe6 fxe6 27. Qe4 d5 28. Qe3 e5 29. Nf5+ Bxf5 30. Qxc5 bxc5 31. gxf5 d4 32. Bd3 e4 33. Bb1 Rb8 34. Re1 e3 35. fxe3 dxe3 36. Bc2 Bd4 37. Re2 Re5 38. Rf3 Rf8 39.
g4 Rf6 40. Kg2 Kf8 41. Rh3 Ke7 42. Kf3 Kd6 43. Reh2 e2 44. Rxe2 Rxe2 45. Kxe2 Ke5 46. Kf3 Bb2 47. Rh1 Bd4 48. Re1+ Kd6 49. Be4 Rf8 50. Bd5 Be5 51. Rh1 Bg7 52. Re1 Be5 53. Kg2 Rb8 54. f6 Rxb3 55. f7 Rb2+ 56. Kf3 Bd4 57.
f8=Q+ 1-0

[Event "*** SCC Grand Prix: Titled Tuesday Blitz"]
[Site "Chess.com"]
[Date "2020.06.02"]
[Round "9"]
[White "dolynachess"]
[Black "Ashedu66"]
[Result "1-0"]
[WhiteElo "2350"]
[BlackElo "2180"]
[TimeControl "180+1"]
[EndTime "11:48:24 PDT"]
[Termination "dolynachess won by resignation"]

1. d4 d5 2. c4 c6 3. Nc3 Nf6 4. Nf3 e6 5. g3 Nbd7 6. Bg2 Be7 7. O-O O-O 8. Qd3 b6 9. Rd1 a5 10. e4 Ba6 11. b3 c5 12. exd5 exd5 13. Ne5 Rc8 14.
Nxd7 Qxd7 15. dxc5 d4 16. cxb6 Rfd8 17. Ne4 Nxe4 18.
Bxe4 g6 19. Bb2 Bc5 20. Bd5 Bxb6 21. Bxd4 Bxd4 22. Qxd4 Qf5 23. Qf4 Qxf4 24. gxf4 a4 25. Rac1 Kf8 26. f3 axb3 27. axb3 Kg7 28. Kf2 Kf6 29. Kg3 Rb8 30. Rb1 Rb4 31. Rd3 h5 32. Rc3 Bc8 33. Ra1 Bf5 34. Ra6+ Kg7 35. Be4 Be6 36.
f5 gxf5 37. Bc6 Rdb8 38. Bb5 Rb7 39. Kf4 Bd7 40. Bxd7 Rxd7 41. Ra5 Rb8 42. Rxf5 Kg6 43. Rg5+ Kh6 44. Rf5 Kg6 45. Rg5+ Kh6 46. Rd5 Re7 47. c5 Rc7 48. c6 Rb4+ 49. Ke3 Rb6 50. Rdc5 Rb4 51. Kd3 Re7 52. Kc2 Rb6 53. R3c4 Re2+ 54. Kc3 Rb2 55. c7 R2xb3+ 56. Kd4 Rd6+ 57. Ke5 Re6+ 58. Kd5 Rd3+ 59. Rd4 Rxd4+ 60. Kxd4 Rd6+ 61. Kc4 1-0

[Event "*** SCC Grand Prix: Titled Tuesday Blitz"]
[Site "Chess.com"]
[Date "2020.06.02"]
[Round "9"]
[White "XxPetroffsxX"]
[Black "DonBroca"]
[Result "0-1"]
[WhiteElo "2045"]
[BlackElo "2177"]
[TimeControl "180+1"]
[EndTime "11:48:25 PDT"]
[Termination "DonBroca won on time"]

1. e4 c5 2. Nf3 d6 3. d4 cxd4 4. Qxd4 Bd7 5. c4 Nc6 6. Qe3 e6 7. Nc3 Nf6 8. h3 Be7 9. Be2 O-O 10. b3 Rc8 11. Bb2 a6 12. O-O Qc7 13. Rac1 Rfd8 14.
Nd5 Qb8 15. Nxe7+ Nxe7 16. e5 Ne8 17. exd6 Qxd6 18. Rfd1 Qc7 19. Qg5 Bc6 20. Nd4 Be4 21.
Bh5 Bg6 22. Bxg6 hxg6 23. h4 Qc5 24. Qg4 Nf6 25. Qg3 Qc7 26. Qf3 Nf5 27. Nxf5 exf5 28. Bxf6 gxf6 29. h5 Kg7 30. hxg6 fxg6 31. Rd5 Rd7 32.
Rxd7+ Qxd7 33. Rd1 Qe7 34. Qd5 Re8 35. Qd7 Qf7 36.
Qxf7+ Kxf7 37. Rd7+ Re7 38. Rxe7+ Kxe7 39. Kf1 Kd6 40. b4 Ke5 41. a4 Kd4 42. b5 Kxc4 43. bxa6 bxa6 44. Ke2 Kb4 45. Kd3 Kxa4 46. Kc4 Ka3 47.
f4 g5 48. g3 gxf4 49. gxf4 Kb2 50. Kd5 a5 51. Ke6 a4 52. Kxf5 a3 53. Kxf6 a2 54.
f5 a1=Q 55. Kg7 Kc2+ 56. f6 Qe5 57. Kg6 Kd3 58. f7 Qh8 0-1

[Event "*** SCC Grand Prix: Titled Tuesday Blitz"]
[Site "Chess.com"]
[Date "2020.06.02"]
[Round "9"]
[White "vasblesk"]
[Black "Sanyura"]
[Result "0-1"]
[WhiteElo "2406"]
[BlackElo "2521"]
[TimeControl "180+1"]
[EndTime "11:48:26 PDT"]
[Termination "Sanyura won by resignation"]

1. e4 c5 2. Nf3 e6 3. b3 Nc6 4. Bd3 b6 5. O-O Bb7 6. Re1 g5 7. Bb2 f6 8. Nxg5 h5 9. Nh3 Bd6 10. f4 Qc7 11. Qf3 O-O-O 12. Na3 a6 13. Nc4 Nge7 14.
Bxf6 Rhf8 15. Nxd6+ Qxd6 16. Bc3 e5 17. f5 Nd4 18.
Qf1 Rg8 19. Bxa6 Rg4 20. Bxb7+ Kxb7 21. Nf2 Rg5 22. g3 Nf3+ 23. Kh1 Nxe1 24. Rxe1 h4 25.
g4 Qc6 26. h3 d5 27. Bxe5 dxe4 28. Nxe4 Rf8 29. Qg2 Rgg8 30. f6 Nf5 31. Bf4 Nd4 32. Bh2 Ka6 33. c3 Nf5 34. Rf1 Nh6 35. g5 Nf7 36. g6 Ng5 37. Nxg5 Qxg2+ 38. Kxg2 Rxg6 39. Rf5 Rfxf6 40. Rxf6 Rxf6 41. Nf3 Rh6 42. Bf4 Rh8 43. Bg5 Rg8 44. Kf2 Kb5 45. Bxh4 c4 46. a4+ Kc5 47.
Be7+ Kd5 48. bxc4+ Kxc4 49. h4 Kd3 50. h5 Rh8 51.
Ne5+ Kxd2 52. Nc4+ Kd3 53. Nxb6 Rxh5 54. Bb4 Ke4 55.
a5 Rf5+ 56. Ke2 Rh5 57. a6 Rh2+ 58. Kd1 Kd3 59. Kc1 Ra2 60. Nd5 Rxa6 61. Bc5 Kc4 62. Nc7 Rc6 63. Bd4 Rxc7 64. Kd2 Re7 65. Kc2 Re2+ 66.
Kd1 Kd3 67. Bh8 Rh2 68. Ke1 Rxh8 69. Kf1 Kxc3 70. Kf2 Kd3 71. Kf3 Rf8+ 72. Kg4 Ke4 73. Kg5 Rf2 0-1

[Event "*** SCC Grand Prix: Titled Tuesday Blitz"]
[Site "Chess.com"]
[Date "2020.06.02"]
[Round "9"]
[White "quesfr"]
[Black "Yoshikrov"]
[Result "1-0"]
[WhiteElo "2244"]
[BlackElo "2048"]
[TimeControl "180+1"]
[EndTime "11:48:26 PDT"]
[Termination "quesfr won on time"]

1. e4 c5 2. Nf3 d6 3. d4 cxd4 4. Nxd4 Nf6 5. Nc3 a6 6. Nb3 e5 7. Bg5 Be7 8. Bxf6 Bxf6 9. Bc4 O-O 10. O-O Be6 11. Bd5 Nc6 12. Qd3 Nb4 13. Qd2 Nxd5 14. Nxd5 Bxd5 15. Qxd5 Qc7 16. c3 Rfd8 17. Rad1 b5 18. Rfe1 Rab8 19. g3 b4 20. cxb4 Rxb4 21.
Rc1 Qb7 22. Qxb7 Rxb7 23. Rc6 a5 24. Nxa5 Rxb2 25. a3 h6 26. Nc4 Ra2 27. Rd1 Be7 28. h4 g6 29. Rd3 Kg7 30. Ne3 Ra1+ 31. Kg2 d5 32. Nxd5 Bxa3 33. Ra6 Bb2 34. Rxa1 Bxa1 35. Rb3 Bd4 36. Rb7 Rd6 37. Kf3 Ra6 38. Nc7 Ra3+ 39.
Kg4 h5+ 40. Kh3 Kf6 41. Nd5+ Kg7 42. f4 Bf2 43. fxe5 Rxg3+ 44. Kh2 Ra3 45. e6 Bg3+ 46. Kg2 Bd6 47. Rxf7+ Kh6 48. Rd7 Bc5 49. Kh2 Ra2+ 50. Kg3 Ra3+ 51. Kf4 Ra1 52. Ke5 Rd1 53. e7 Bxe7 54.
Rxe7 Rh1 55. Nf6 Rxh4 56. Rh7+ Kg5 57. Ke6 Rf4 58. e5 h4 59. Nd5 Rf1 60. Ne7 1-0

[Event "*** SCC Grand Prix: Titled Tuesday Blitz"]
[Site "Chess.com"]
[Date "2020.06.02"]
[Round "9"]
[White "guillembaches"]
[Black "Abund"]
[Result "1-0"]
[WhiteElo "2455"]
[BlackElo "2585"]
[TimeControl "180+1"]
[EndTime "11:48:27 PDT"]
[Termination "guillembaches won on time"]

1. e4 c5 2. Nf3 Nc6 3. d4 cxd4 4. Nxd4 Nf6 5. Nc3 e5 6. Ndb5 d6 7. Bg5 a6 8. Na3 b5 9. Nd5 Be7 10. Bxf6 Bxf6 11. c4 b4 12. Nc2 O-O 13. Be2 a5 14. O-O Bg5 15. Qd3 Be6 16. Rad1 Ra7 17. h3 Qb8 18. b3 a4 19. Bg4 axb3 20. axb3 Bd8 21. Nde3 Rd7 22. Ra1 Bb6 23. Ra6 Qb7 24. Rfa1 Bc5 25.
Nd5 h6 26. Bf5 Kh8 27. g3 Rdd8 28. Kg2 Ra8 29. Rxa8 Rxa8 30. Rd1 g6 31. Bg4 h5 32.
Bf3 Kg7 33. h4 Ra2 34. Rd2 Qa7 35. Nde3 Rb2 36. Ne1 Rxd2 37. Qxd2 Nd4 38. Bd1 Qa3 39. Qd3 Qb2 40. Kf1 Bh3+ 41. Kg1 Bc8 42. Nf3 Bb7 43.
Nxd4 Bxd4 44. Qc2 Qa1 45. Kg2 Bc5 46. Bf3 Bd4 47. Nd5 Qe1 48. Qe2 Qb1 49. Qd1 Qb2 50. Qe2 Qxb3 51. Ne3 Qc3 52. Nd1 Qa1 53. Bxh5 b3 54.
Bxg6 fxg6 55. Qg4 Bc6 56. h5 Be8 57. h6+ Kh7 58. Qh4 Bf7 59. Qe7 Kxh6 60. Qh4+ 1-0

[Event "*** SCC Grand Prix: Titled Tuesday Blitz"]
[Site "Chess.com"]
[Date "2020.06.02"]
[Round "9"]
[White "mattcolins2025"]
[Black "malandragem"]
[Result "1-0"]
[WhiteElo "2375"]
[BlackElo "2466"]
[TimeControl "180+1"]
[EndTime "11:48:30 PDT"]
[Termination "mattcolins2025 won by resignation"]

1. d4 Nf6 2. c4 g6 3. Nc3 Bg7 4. e4 d6 5. Nf3 O-O 6. Be2 e5 7.
d5 a5 8. Bg5 h6 9. Bh4 Na6 10.
Nd2 Qe8 11. O-O Bd7 12. Rb1 Nh7 13. b3 h5 14. f3 Bh6 15. Bf2 Qe7 16. Re1 Bf4 17.
g3 Bh6 18. Nf1 f5 19. f4 exf4 20. exf5 fxg3 21. Nxg3 Qf7 22. Bd3 h4 23. Nge4 Bxf5 24. Kh1 Nb4 25. Bd4 Nxd3 26. Qxd3 Rae8 27. Rf1 Ng5 28. Nxg5 Bxd3 29. Nxf7 Bxf1 30. Nxh6+ Kh7 31. Ng4 Bd3 32. Rd1 Bc2 33. Rc1 Bf5 34. Nf6+ Kh6 35. Nxe8 Rxe8 36. Bf2 Kh5 37. Re1 Rf8 38. Kg1 h3 39.
Bg3 Bd3 40. Ne4 Kh6 41. Nf2 Bf5 42. Re7 Rc8 43. Kf1 Bb1 44. Re2 Bf5 45. Ke1 a4 46. Re7 axb3 47. axb3 b6 48. Kd2 Ra8 49. Kc3 Ra2 50.
Rxc7 Rc2+ 51. Kb4 Re2 52. Rc6 Rb2 53. Rxd6 Bc2 54. Kc3 Rxb3+ 55. Kxc2 Rf3 56. Rxb6 Kh5 57. Nxh3 g5 58. Nxg5 Kxg5 59. d6 Rf6 60. Kd3 Kf5 61.
Rb5+ Ke6 62. Re5+ Kd7 63. Re7+ Kc6 64. Rc7+ Kb6 65. c5+ Kb5 66. d7 Rf8 67. Rc8 Rf1 68. Ke2 Rf8 69. Rxf8 1-0

[Event "*** SCC Grand Prix: Titled Tuesday Blitz"]
[Site "Chess.com"]
[Date "2020.06.02"]
[Round "9"]
[White "Vandros57"]
[Black "Crazy_girl99"]
[Result "1-0"]
[WhiteElo "2263"]
[BlackElo "2392"]
[TimeControl "180+1"]
[EndTime "11:48:31 PDT"]
[Termination "Vandros57 won by resignation"]

1. d4 d5 2. Nf3 e6 3. c4 Nf6 4.
Nc3 Be7 5. Bg5 O-O 6. e3 Nbd7 7.
Rc1 b6 8. cxd5 exd5 9. Bb5 Bb7 10. Bxd7 Nxd7 11. Bxe7 Qxe7 12. O-O Rfd8 13. Qb3 Nf6 14. a3 a6 15. Ne5 Rac8 16. Ne2 Qd6 17. Qd3 c5 18. Ng3 c4 19. Qf5 Qe6 20. Qxe6 fxe6 21.
f4 b5 22. h3 a5 23. Rb1 b4 24. axb4 axb4 25. Ra1 Ra8 26. Kf2 Kf8 27. Ke2 Ke7 28.
Kd2 Ne8 29. f5 Nd6 30. fxe6 Kxe6 31. Kc2 b3+ 32. Kd2 Rxa1 33. Rxa1 Rf8 34. Ke2 g6 35. h4 Ra8 36. Rxa8 Bxa8 37. Kd2 Nb5 38. Ne2 Bb7 39. Nc3 Nd6 40. Ke2 Kf5 41. g4+ Ke6 42. Kf3 Kf6 43. Kf4 Ne4 44. Nxe4+ dxe4 45. Nxc4 Ke6 46. Nd2 Bd5 47.
Nxe4 h6 48. Nc3 Bc4 49. e4 Bd3 50. e5 Bc4 51. g5 h5 52. Ke4 Bf1 53. d5+ Kd7 54. Kd4 Kc7 55. Kc5 Kd7 56. e6+ Ke7 57. Nb5 Bg2 58. Nd4 Be4 59. d6+ Kd8 60. Kb6 Bd5 61.
Kc5 Be4 62. d7 Ke7 63. Nc6+ Bxc6 64. Kxc6 Kd8 65. e7+ Kxe7 66. Kc7 Ke6 67. d8=Q Kf5 68. Qf6+ Kg4 69. Qxg6 Kxh4 70. Qd3 Kxg5 71. Qxb3 h4 72. Qh3 Kh5 73. b4 1-0

[Event "*** SCC Grand Prix: Titled Tuesday Blitz"]
[Site "Chess.com"]
[Date "2020.06.02"]
[Round "9"]
[White "Chuchofrio1"]
[Black "profofchess"]
[Result "1-0"]
[WhiteElo "2295"]
[BlackElo "2443"]
[TimeControl "180+1"]
[EndTime "11:48:32 PDT"]
[Termination "Chuchofrio1 won on time"]

1. d4 Nf6 2. c4 e6 3. Nc3 Bb4 4. Qc2 O-O 5. Nf3 b6 6. e4 d5 7.
e5 Ne4 8. Bd3 Bb7 9. cxd5 exd5 10. O-O Bxc3 11. bxc3 f5 12. Ne1 Ba6 13. f3 Bxd3 14.
Nxd3 Ng5 15. Bxg5 Qxg5 16. f4 Qe7 17. a4 Nc6 18. Rae1 Qe6 19. Nb4 Na5 20. g4 g6 21.
Qg2 Rad8 22. h3 c5 23. Nd3 cxd4 24. cxd4 Rc8 25. Rc1 Rc4 26. Rxc4 Nxc4 27. Qe2 Re8 28. Kh2 Kh8 29. Rg1 Rc8 30. gxf5 Qxf5 31. Rg5 Qe4 32. Qxe4 dxe4 33. Nb4 Kg7 34. f5 Nd2 35. f6+ Kf7 36. Rg2 e3 37. Nd5 Nf3+ 38. Kg3 Nxd4 39.
Nxe3 Rc5 40. Ng4 Nf5+ 41. Kh2 h5 42. Nf2 Rxe5 43. Nd3 Re3 44. Nf4 Nh4 45. Rc2 Kxf6 46. Nd5+ Ke5 47. Nxe3 Kd4 48. Ng2 Nf3+ 49. Kg3 Ne5 50.
Rc7 a5 51. Rb7 Nc4 52. Nf4 Kc5 53. Nxg6 Nb2 54. Nf4 Nxa4 55. Nxh5 Nc3 56. Nf4 a4 57. h4 a3 58. Nd3+ Kc4 59. Nc1 b5 60. h5 b4 61.
h6 Ne4+ 62. Kf4 Nf6 63. Kf5 b3 64. Kxf6 1-0

[Event "*** SCC Grand Prix: Titled Tuesday Blitz"]
[Site "Chess.com"]
[Date "2020.06.02"]
[Round "9"]
[White "dpopadic"]
[Black "LedakovAlexandr"]
[Result "1/2-1/2"]
[WhiteElo "2343"]
[BlackElo "2479"]
[TimeControl "180+1"]
[EndTime "11:48:33 PDT"]
[Termination "Game drawn by repetition"]

1. e4 Nc6 2. Nf3 d6 3. d4 g6 4. Bb5 Bd7 5. O-O Bg7 6. c3 a6 7. Bxc6 Bxc6 8. Re1 Nf6 9. Nbd2 O-O 10. e5 Nd5 11. e6 fxe6 12. Rxe6 Nf4 13. Re1 e5 14. Ne4 h6 15. Bxf4 exf4 16. d5 Bd7 17. Nd4 Re8 18.
f3 Re5 19. c4 Kh7 20. Qd2 Qf8 21. Nf2 Rae8 22. Re4 Rxe4 23. Nxe4 Qh8 24. Rd1 Be5 25. b3 Qf8 26. h3 h5 27. Ng5+ Kh6 28. Nge6 Qf6 29.
Nxc7 Rc8 30. Nce6 b5 31. Rc1 g5 32. Qd3 Bxe6 33. Nxe6 g4 34. hxg4 hxg4 35. Kf2 Qh4+ 36. Ke2 Qh2 37. Rf1 Qxg2+ 38. Rf2 gxf3+ 39. Qxf3 Qxf3+ 40. Rxf3 bxc4 41. Nxf4 c3 42. Nd3 c2 43. Nc1 Kg5 44. Rf1 Kg4 45. Kd3 Rc3+ 46. Kd2 Rc5 47. Kd3 Rxd5+ 48.
Kxc2 Rc5+ 49. Kd3 Rd5+ 50. Ke2 Rc5 51. Kd3 d5 52. Ne2 Ra5 53. a4 Rc5 54. Rc1 Rxc1 55. Nxc1 Kf5 56. Ne2 Ke6 57. Nc1 Kd6 58. b4 Kc6 59.
Nb3 Bc7 60. Nd4+ Kd6 61. Nf5+ Ke5 62. Ne7 Kd6 63. Nf5+ Ke5 64. Nd4 Kd6 65. Nc2 Ke5 66.
Ne3 Kd6 67. Nc2 Ke5 68. Nd4 Kd6 1/2-1/2

[Event "*** SCC Grand Prix: Titled Tuesday Blitz"]
[Site "Chess.com"]
[Date "2020.06.02"]
[Round "9"]
[White "PlayChessSimple"]
[Black "JuliaEfremova"]
[Result "1-0"]
[WhiteElo "2530"]
[BlackElo "2260"]
[TimeControl "180+1"]
[EndTime "11:48:34 PDT"]
[Termination "PlayChessSimple won by resignation"]

1. e4 d5 2. exd5 Qxd5 3. Nf3 Nf6 4. Be2 Bg4 5. h3 Bh5 6. d4 Nc6 7. Be3 O-O-O 8. Nbd2 Qa5 9. O-O e6 10. c3 Nd5 11. Nc4 Nxe3 12. Nxa5 Nxd1 13. Nxc6 bxc6 14. Raxd1 c5 15. Ba6+ Kb8 16. g4 Bg6 17. Ne5 Rd6 18. dxc5 Rxa6 19. Rd8+ Kb7 20. c6+ Rxc6 21. Nxc6 Kxc6 22.
Rfd1 h5 23. g5 f6 24. Rb8 fxg5 25. Rdd8 Bf5 26. Rxf8 Rxf8 27. Rxf8 Bxh3 28. Rh8 h4 29. Rh5 Bf5 30. Rxg5 g6 31. f3 Kd5 32. Kf2 Kc4 33.
Ke3 h3 34. Rg1 e5 35. Rd1 c5 36. Rd8 a5 37. Ra8 Kd5 38. Kf2 Kc4 39. Rxa5 e4 40. fxe4 Bxe4 41. Ra7 Bf5 42. Kg3 Kb5 43. Rc7 Kb6 44. Rf7 Bb1 45. a4 Bf5 46. Rxf5 gxf5 47.
c4 Ka5 48. b3 Kb4 49. Kxh3 Kxb3 50. a5 Kxc4 51. a6 Kb3 52. a7 c4 53. a8=Q c3 54. Qb7+ Ka2 55. Qa6+ Kb1 56. Qb5+ Kc1 57. Qf1+ Kb2 58.
Qb5+ Kc1 59. Kg3 c2 60. Kf2 Kd1 61. Qd5+ Kc1 62. Ke2 Kb1 63. Qb5+ Ka1 64. Qa4+ Kb1 65. Qb3+ Kc1 66. Kd3 Kd1 67. Qxc2+ 1-0

[Event "*** SCC Grand Prix: Titled Tuesday Blitz"]
[Site "Chess.com"]
[Date "2020.06.02"]
[Round "9"]
[White "CaspiIsrael"]
[Black "Anton_Demchenko"]
[Result "1-0"]
[WhiteElo "2602"]
[BlackElo "2806"]
[TimeControl "180+1"]
[EndTime "11:48:35 PDT"]
[Termination "CaspiIsrael won by resignation"]

1. e4 e5 2. Nf3 Nc6 3. d4 exd4 4. Nxd4 Nf6 5. Nc3 Bb4 6. Nxc6 dxc6 7. Bd3 O-O 8. O-O Re8 9. Bg5 h6 10. Bh4 Be7 11. h3 Nd7 12. Bg3 Bd6 13. f4 Bc5+ 14.
Kh2 Bd4 15. Qf3 Nc5 16. Rad1 Bxc3 17. bxc3 Qe7 18. Rde1 f6 19. f5 Nd7 20. Bc4+ Kh8 21.
Bxc7 Ne5 22. Bxe5 Qxe5+ 23. Qg3 b5 24. Bf7 Qxg3+ 25. Kxg3 Re7 26. Bg6 Bb7 27. Kf4 c5 28. g4 Re5 29. Rf2 Rd8 30. h4 Kg8 31. g5 Kf8 32.
gxh6 gxh6 33. Bh5 b4 34. cxb4 cxb4 35. Bf3 Bc8 36. Rd1 Rxd1 37. Bxd1 Bb7 38. Bf3 Bc6 39. Rg2 Be8 40. Rd2 Ke7 41. Rd4 a5 42. Rc4 Kd7 43.
c3 bxc3 44. Rxc3 Bf7 45. a3 Kd8 46. Ke3 Ke7 47. Kd4 Rb5 48. Be2 Rb1 49. Bf3 Rb5 50. Rc5 Rxc5 51. Kxc5 a4 52. Be2 Be8 53. Bb5 Bh5 54.
Bxa4 Bf3 55. Bc6 Bd1 56. a4 Be2 57. a5 Ba6 58. Kb6 Bd3 59. Bd5 Be2 60. h5 Bd3 61. a6 Bxa6 62. Kxa6 Kd6 63. Kb6 Ke5 64. Kc5 Kf4 65.
Kd4 Kg5 66. Bf7 Kf4 67. Bg6 Kg5 68. e5 fxe5+ 69. Kxe5 1-0

[Event "*** SCC Grand Prix: Titled Tuesday Blitz"]
[Site "Chess.com"]
[Date "2020.06.02"]
[Round "9"]
[White "Khazieva_Elza"]
[Black "WonderChampion"]
[Result "1-0"]
[WhiteElo "2272"]
[BlackElo "1981"]
[TimeControl "180+1"]
[EndTime "11:48:38 PDT"]
[Termination "Khazieva_Elza won on time"]

1. e4 c5 2. Nf3 g6 3. d3 Bg7 4. g3 Nc6 5. Bg2 e6 6. O-O Nge7 7. Re1 O-O 8. e5 d6 9. exd6 Qxd6 10.
Nbd2 Nd5 11. Nc4 Qc7 12. a4 b6 13. c3 Bb7 14. a5 Rad8 15. a6 Bc8 16. Qe2 Nb8 17. Bg5 f6 18. Bd2 e5 19. d4 exd4 20.
cxd4 cxd4 21. Nxd4 Bxa6 22. Qe6+ Qf7 23. b3 Nc7 24.
Qxf7+ Kxf7 25. Be3 f5 26. Nf3 Bxa1 27. Rxa1 Kg8 28.
Ng5 h6 29. Nh3 Kh7 30. Nf4 Bxc4 31. bxc4 Nca6 32. h4 Rfe8 33. Bb7 Nc5 34. Bxc5 bxc5 35. Rxa7 Rd7 36. Nd5 Rf8 37. Kg2 Rff7 38. Ra8 Rxb7 39. h5 g5 40. f3 Rbd7 41. Rxb8 Rb7 42. Rd8 Rb2+ 43. Kh3 f4 44. gxf4 Rb3 45. fxg5 Rbxf3+ 46. Kg2 hxg5 47. Rd6 R3f5 48. Ne3 Rf4 49. Nd5 Rh4 50.
Kg3 Rxh5 51. Ne3 Rh1 52. Kg2 Re1 53. Ng4 Rc1 54. Kg3 Kg7 55. Ne5 Rc3+ 56. Kg2 1-0

[Event "*** SCC Grand Prix: Titled Tuesday Blitz"]
[Site "Chess.com"]
[Date "2020.06.02"]
[Round "9"]
[White "Djager97"]
[Black "RestartingChess"]
[Result "1-0"]
[WhiteElo "2388"]
[BlackElo "2483"]
[TimeControl "180+1"]
[EndTime "11:48:39 PDT"]
[Termination "Djager97 won by checkmate"]

1. e4 d5 2. exd5 Qxd5 3. Nc3 Qd6 4. d4 Nf6 5. Nf3 Nc6 6. Nb5 Qd8 7. d5 Nb4 8. c4 a6 9. Nc3 Bf5 10. Nd4 Bg6 11. a3 c5 12. axb4 cxd4 13. Qxd4 e6 14. Be3 Bxb4 15. dxe6 Qxd4 16. exf7+ Kxf7 17. Bxd4 Rhe8+ 18. Be2 Bd3 19. Be3 Rad8 20. Bxd3 Rxd3 21. Ke2 Rd7 22.
Rhd1 Rc7 23. Nd5 Rxc4 24. Nxf6 Kxf6 25. Rac1 Rec8 26. Rxc4 Rxc4 27. Rd7 Rc2+ 28. Kd3 Rxb2 29. Bd4+ Ke6 30. Rxb7 Rb1 31. Rxg7 a5 32. Rxh7 a4 33. Ra7 a3 34. Kc4 Rb2 35. h4 Rb1 36. h5 Bf8 37. h6 Bxh6 38. Ra6+ Kf5 39. Rxh6 Rc1+ 40. Kd3 Rd1+ 41. Kc4 Ke4 42. Re6+ Kf5 43. Ra6 Rc1+ 44. Kb3 Rd1 45. Bc3 Rf1 46. f3 Kf4 47. Rxa3 Kg3 48.
Ra2 Rb1+ 49. Rb2 Rd1 50. Kc4 Rd7 51. Bd4 Kf4 52. Kd3 Rd6 53. Rb6 Rd7 54. Rf6+ Kg3 55. Rg6+ Kf4 56. Rg4+ Kf5 57. Re4 Rb7 58. g4+ Kg5 59.
Re5+ Kf4 60. Rf5+ Kg3 61. g5 Rb3+ 62. Ke4 Rb1 63. g6 Re1+ 64. Be3 Rb1 65. Rg5+ Kh4 66. g7 Rb4+ 67. Kd3 Rb3+ 68. Kc2 Rxe3 69. Rg4+ Kh5 70.
g8=Q Re6 71. Qg5# 1-0